 Dungeon Crawl Stone Soup version 0.30.0-5-g1a98f26d00 (webtiles) character file.

Game seed: 14014845803989510843

266 McKennaii the Conjurer (level 5, 0/38 HPs)
             Began as a Demigod Conjurer on May 10, 2023.
             Succumbed to Edmund's poison
             ... on level 4 of the Dungeon.
             The game lasted 00:04:22 (3941 turns).

McKennaii the Conjurer (Demigod Conjurer)           Turns: 3941, Time: 00:04:23

Health: 0/38       AC:  4    Str:  8    XL:     5   Next: 67%
Magic:  0/13       EV: 17    Int: 24    God:
Gold:   175        SH:  0    Dex: 12    Spells: 4/11 levels left

rFire   . . .        s - staff of poison
rCold   . . .        (no shield)
rNeg    . . .        a - +0 robe
rPois   +            d - +0 helmet
rElec   .            (no cloak)
rCorr   .            (no gloves)
SInv    .            q - +0 pair of boots
Will    .....        (no amulet)
Stlth   ++           o - +5 ring of evasion
HPRegen 0.26/turn    (no ring)
MPRegen 0.13/turn

%: no passive effects
@: lethally poisoned (0 -> -7), flying
A: high MP 1, forlorn, divine attributes
a: no special abilities


You were on level 4 of the Dungeon.
You visited 1 branch of the dungeon, and saw 4 of its levels.

You collected 271 gold pieces.
You spent 96 gold pieces at shops.

Inventory:

Hand Weapons
 w - a +2 dagger of venom
Armour
 a - a +0 robe (worn)
 d - a +0 helmet (worn)
 g - a +2 chain mail of fire resistance
 q - a +0 pair of boots (worn)
Magical Staves
 s - a staff of poison (weapon)
Jewellery
 o - a +5 ring of evasion (left hand)
Wands
 u - a wand of polymorph (12)
Scrolls
 c - 3 scrolls of teleportation
 e - a scroll of blinking {unknown}
 f - 3 scrolls of identify {unknown}
 k - a scroll of enchant armour {unknown}
 l - a scroll of vulnerability {unknown}
 x - a scroll of enchant weapon {unknown}
Potions
 b - a potion of magic
 m - a potion of heal wounds {unknown}
 n - a potion of haste {unknown}
 p - a potion of degeneration {unknown}
 r - a potion of brilliance {unknown}
 t - a potion of attraction {unknown}
 v - a potion of mutation {unknown}


   Skills:
 - Level 1.7 Dodging
 - Level 1.7 Stealth
 + Level 3.9 Spellcasting
 + Level 5.3 Conjurations


You had 4 spell levels left.
You knew the following spells:

 Your Spells              Type           Power      Damage    Failure   Level
a - Magic Dart            Conj           100%       1d8       1%          1
b - Searing Ray           Conj           60%        2d6       1%          2
c - Iskenderun's Mystic   Conj/Tloc      17%        2d5       32%         4

Your spell library contained the following spells:

 Spells                   Type           Power      Damage    Failure   Level
 Freeze                   Ice            16%        1d4       10%         1
 Dazzling Flash           Conj/Hex       34%        N/A       10%         3
 Hailstorm                Conj/Ice       17%        3d6       10%         3
 Call Canine Familiar     Summ           4%         N/A       30%         3
 Frozen Ramparts          Ice            8%         1d2       30%         3
 Portal Projectile        Hex/Tloc       8%         N/A       30%         3
 Fulminant Prism          Conj/Hex       8%         3d7       32%         4
 Leda's Liquefaction      Hex/Erth       2%         N/A       69%         4


Dungeon Overview and Level Annotations

Branches:
Dungeon (4/15)             Temple (0/1) D:4

Shops:
D:1 *

Annotations:
D:4 Edmund


Innate Abilities, Weirdness & Mutations

You have an increased reservoir of magic. (+10% MP)
You shall have no god before yourself.
Your divine heritage dramatically boosts your attributes as you level up.


Message History

Edmund hits you with a +2 flail of venom.
Okay, then.
Casting: Searing Ray (safe; 1% risk of failure)
Confirm with . or Enter, or press ? or * to list all spells.
Okay, then.
Casting: Searing Ray (safe; 1% risk of failure)
Confirm with . or Enter, or press ? or * to list all spells.
The spell is extremely dangerous to miscast (32% risk of failure)!
Continue anyway?
You erupt in a blast of force!
The mystic blast hits Edmund but does no damage.
Edmund is heavily wounded.
Edmund closely misses you.
Unknown command.
Unknown command.
Okay, then.
As you read the scroll labelled MELIT OTUENK, it crumbles to dust.
You feel strangely unstable.
It was a scroll of teleportation.
Edmund hits you with a +2 flail of venom.
Edmund attacks as you move away!
Edmund hits you with a +2 flail of venom!
* * * LOW HITPOINT WARNING * * *
You are lethally poisoned!
* * * LOW HITPOINT WARNING * * *
You feel very sick.
There is an open door here.
Unknown command.
Edmund attacks as you move away! Edmund misses you.
Your surroundings suddenly seem different.
* * * LOW HITPOINT WARNING * * *
You feel very sick.
Unknown command.
Okay, then.
There is a lethal amount of poison in your body!
It was a potion of cancellation.
You feel magically purged.
* * * LOW HITPOINT WARNING * * *
You feel very sick.
It was a potion of flight.
You feel very buoyant.
You fly up into the air.
You die...

...#...#.....#................#
...#...#..)..#.<..............#
'###...#.....#########..###...#
..##...#.............#..###...#
..######.............#...#....#
..##...###'##........'...#....#
..##........'........#+########
..............................#
............#...@.............###
..##...######....####............
..##...#...............^.........
'###...#.........######..........
..##...+................##'###...
.......#..>.....#.......#....#...
................'.._..#.#....#...
'####.#.........#.....#.###..#...
..........#####.#.....#..##..#...


There were no monsters in sight!

Vanquished Creatures
  Blork the orc (D:4)
  Jessica (D:3)
  An iguana (D:4)
  An orc wizard (D:4)
  A gnoll (D:1)
  3 adders
  A worm (D:3)
  4 orcs
  5 ball pythons
  9 endoplasms
  5 giant cockroaches
  11 goblins
  9 hobgoblins
  3 jackals (D:4)
  2 quokkas
  5 bats
  5 frilled lizards
  10 kobolds
  2 rats
79 creatures vanquished.

Notes
Turn   | Place    | Note
-------+----------+-------------------------------------------
     0 | D:1      | McKennaii the Demigod Conjurer began the quest for the Orb.
     0 | D:1      | Reached XP level 1. HP: 14/14 MP: 5/5
   214 | D:1      | Reached skill level 4 in Conjurations
   214 | D:1      | Reached XP level 2. HP: 20/20 MP: 0/7
   364 | D:1      | Found Lior's Assorted Antiques.
   828 | D:2      | Reached XP level 3. HP: 26/26 MP: 4/9
   831 | D:2      | Learned a level 2 spell: Searing Ray
  1917 | D:1      | Bought a scroll labelled XEAFOPL IDALESOTE for 24 gold
                  | pieces
  1917 | D:1      | Bought a scroll labelled MELIT OTUENK for 24 gold pieces
  1917 | D:1      | Bought a scroll labelled YLUATI BAVVIEST for 24 gold pieces
  1917 | D:1      | Bought a scroll labelled MELIT OTUENK for 24 gold pieces
  2239 | D:3      | Reached XP level 4. HP: 33/33 MP: 7/11
  2448 | D:3      | Learned a level 4 spell: Iskenderun's Mystic Blast
  2520 | D:3      | Noticed Jessica
  2524 | D:3      | Killed Jessica
  3116 | D:4      | Noticed Blork the orc
  3308 | D:4      | Reached XP level 5. HP: 38/38 MP: 11/13
  3481 | D:4      | Found a staircase to the Ecumenical Temple.
  3688 | D:4      | Reached skill level 5 in Conjurations
  3693 | D:4      | Killed Blork the orc
  3836 | D:4      | Noticed a black bear
  3926 | D:4      | Noticed Edmund
  3941 | D:4      | Succumbed to Edmund's poison

Illustrated notes

Levels and vault maps discovered:
D:1:      dpeg_arrival_leaves_temple_mockup, layout_rooms, serial_shops, shop
D:2:      layout_basic, ebering_ecumenical_altar_box, chequers_mini_garden
D:3:      layout_loops_cross, nicolae_wu_jian_immortal_techniques, uniq_jessica
D:4:      layout_gridville, amcnicky_altar_gilded,
          minmay_temple_entry_offerings, uniq_blork_the_orc, uniq_edmund

Skill      XL: |  1  2  3  4  5 |
---------------+----------------+-----
Spellcasting   | 2 3 |  3.9
Conjurations   | 4 5 |  5.3
Dodging        | |  1.7
Stealth        | |  1.7

Action                     |  1- 3 |  4- 6 || total
---------------------------+-------+-------++-------
   Cast: Magic Dart        |    90 |    65 ||   155
         Searing Ray       |     2 |     5 ||     7
         Iskenderun's Myst |       |     1 ||     1
    Use: Potion            |     1 |     3 ||     4
         Scroll            |       |     1 ||     1
 Armour: Robe              |     4 |     1 ||     5
  Dodge: Dodged            |     9 |     7 ||    16
